 Dungeon Crawl Stone Soup version 0.15-a0-672-g38fd0bf (webtiles) character file.

14190503 bmfx the Chief of Staff (level 27, 199/199 HPs)
             Began as a Gargoyle Berserker on May 7, 2014.
             Was the Champion of Trog.
             Escaped with the Orb
             ... and 15 runes on May 8, 2014!
             The game lasted 09:53:08 (110930 turns).

bmfx the Chief of Staff (Gargoyle Berserker)      Turns: 110930, Time: 09:53:08

HP 199/199       AC 45     Str 28      XL: 27
MP  12/12        EV 45     Int 10      God: Trog [******]
Gold 11007       SH  0     Dex 26      Spells:  0 memorised, 26 levels left

rFire  + . .     SeeInvis +     b - +7,+8 lajatang (antimagic) {god gift}
rCold  + + .     Clarity  .     F - +3 leather armour of Too Many Cooks {MR++ Dex+3 Acc-3}
rNeg   + . .     Conserve .     (no shield)
rPois  +         rCorr    .     u - +0 helmet of Space {rElec SInv}
rElec  +         rRot     +     T - +0 cloak of Starlight {rElec rC+ EV+4 Stlth-}
SustAb . .       Spirit   .     D - +2 pair of gloves of Zacaxzu {Dam+4 SInv}
rMut   +         Warding  .     c - +2 pair of boots of the Assassin {Stlth++}
Saprov . . .     Stasis   .     y - amulet of resist mutation
MR     ++++.                    f - +4 ring of protection
                                s - ring of Immorality {Dam+5 SInv Stlth++}

@: mighty, agile, flying, incredibly resistant to hostile enchantments, quite
stealthy
A: able to fly continuously, large and strong wings, low mp 1, life protection
1, electricity resistance, unbreathing, petrification resistance, AC +20
a: Stop Flying, Burn Spellbooks, Berserk, Trog's Hand, Brothers in Arms,
Renounce Religion
0: Orb of Zot
}: 15/15 runes: decaying, slimy, silver, golden, iron, obsidian, icy, bone,
abyssal, demonic, glowing, magical, fiery, dark, gossamer


You escaped.
You worshipped Trog.
Trog was exalted by your worship.
You were very full.

You visited 18 branches of the dungeon, and saw 97 of its levels.
You visited Pandemonium 1 time, and saw 32 of its levels.
You visited the Abyss 2 times.
You visited 2 Ziggurats, and saw 28 of their levels (deepest: 16).
You also visited: Labyrinth, Ossuary and Wizlab.

You collected 12652 gold pieces.
You spent 1615 gold pieces at shops.


Innate Abilities, Weirdness & Mutations

You are resistant to torment.
You are immune to poison.
You are immune to rotting.
You can fly continuously.
Your stone body is very resilient (AC +20).
Your wings are large and strong.
You resist negative energy.
You are resistant to electric shocks.
You can survive without breathing.
You are immune to petrification.
Your magical capacity is low (-10% MP).


   Skills:
 O Level 27 Fighting
 - Level 7.4 Maces & Flails
 O Level 27 Staves
 - Level 21.0 Armour
 - Level 22.7 Dodging
 O Level 27 Stealth
 + Level 23.7 Evocations


You had 26 spell levels left.
You didn't know any spells.

Action                   |  1- 3 |  4- 6 |  7- 9 | 10-12 | 13-15 | 16-18 | 19-21 | 22-24 | 25-27 || total
-------------------------+-------+-------+-------+-------+-------+-------+-------+-------+-------++-------
Melee: Mace              |    85 |   205 |       |       |       |       |       |       |       ||   290
       Flail             |       |    29 |       |       |       |       |       |       |       ||    29
       Quarterstaff      |       |     6 |   491 |  1008 |    13 |     2 |       |       |       ||  1520
       Lajatang          |       |       |       |   208 |  1770 |  1779 |  1891 |  1848 |  5915 || 13411
 Fire: Sling             |       |       |    27 |    27 |       |       |       |       |       ||    54
       Blowgun           |       |       |       |       |     3 |       |       |       |       ||     3
Throw: Stone             |       |     9 |       |       |       |       |       |       |       ||     9
       Dart              |       |    10 |       |     5 |       |       |       |       |       ||    15
Invok: Berserk           |     3 |     3 |     6 |    11 |     4 |     1 |       |       |     1 ||    29
       Trog's Hand       |       |     1 |     1 |     3 |     5 |     2 |    11 |     7 |    27 ||    57
       Burn Spellbooks   |       |       |     1 |     1 |       |       |       |       |       ||     2
       Brothers in Arms  |       |       |       |     4 |     2 |     1 |     2 |     6 |    12 ||    27
 Abil: Fly               |       |       |       |       |     1 |       |     1 |       |     5 ||     7
       Evoke Invisibilit |       |       |       |       |       |       |    17 |    25 |    31 ||    73
       Stop Flying       |       |       |       |       |       |       |       |     1 |     4 ||     5
       Turn Visible      |       |       |       |       |       |       |       |       |     3 ||     3
       Evoke Teleportati |       |       |       |       |       |       |       |       |    23 ||    23
       Evoke Teleport Co |       |       |       |       |       |       |       |       |     5 ||     5
       Evoke Blink       |       |       |       |       |       |       |       |       |     1 ||     1
Evoke: Wand              |       |     1 |    12 |     9 |    31 |    56 |    41 |    13 |   118 ||   281
       Rod               |       |       |       |       |     8 |       |    15 |     3 |     4 ||    30
       Lamp of fire      |       |       |       |       |       |       |       |     4 |    16 ||    20
       Phial of floods   |       |       |       |       |       |       |       |       |    32 ||    32
       Deck              |       |       |       |       |       |       |       |       |     4 ||     4
       Fan of gales      |       |       |       |       |       |       |       |       |     3 ||     3
  Use: Scroll            |     4 |     7 |     9 |    13 |    18 |    12 |    14 |     7 |   116 ||   200
       Potion            |       |       |     4 |       |     5 |    10 |     4 |     3 |    54 ||    80
 Stab: Sleeping          |     1 |       |       |       |       |       |   128 |   158 |   291 ||   578
       Distracted        |       |       |       |     2 |       |     2 |     2 |     8 |    65 ||    79
       Paralysed         |       |       |       |       |     3 |    11 |     4 |       |     4 ||    22
       Invisible         |       |       |       |       |       |       |    21 |    29 |   115 ||   165
       Confused          |       |       |       |       |       |       |     3 |       |     2 ||     5

Inventory:

Hand weapons
 a - a +6,+8 lajatang of electrocution {god gift}
 b - a +7,+8 anti-magic lajatang (weapon) {god gift}
Armour
 c - the +2 pair of boots of the Assassin (worn) {Stlth++}
   (You acquired it on level 3 of the Elven Halls)

   It makes you much more stealthy.
 i - the +1 leather armour of Intuition {+Blink +Fly rF+ SInv}
   (You found it on level 5 of the Vaults)

   It protects you from fire.
   It enhances your eyesight.
   It lets you fly.
   It lets you blink.
 j - a +2 cloak of preservation
 u - the +0 helmet of Space (worn) {rElec SInv}
   (You found it on level 7 of a ziggurat)

   It insulates you from electricity.
   It enhances your eyesight.
 D - the +2 pair of gloves of Zacaxzu (worn) {Dam+4 SInv}
   (You found it on level 1 of the Realm of Zot)

   It affects your damage with ranged weapons and melee attacks (+4).
   It enhances your eyesight.
 F - the +3 leather armour of Too Many Cooks (worn) {MR++ Dex+3 Acc-3}
   (You found it on level 1 of the Vaults)

   It affects your dexterity (+3).
   It affects your accuracy with ranged weapons and melee attacks (-3).
   It affects your resistance to hostile enchantments.
 T - the +0 cloak of Starlight (worn) {rElec rC+ EV+4 Stlth-}
   (You found it in a wizard's laboratory)

   It affects your evasion (+4).
   It protects you from cold.
   It insulates you from electricity.
   It makes you less stealthy.
Magical devices
 e - a wand of teleportation (5)
 h - a wand of teleportation (1)
 o - a wand of cold (1)
 q - a wand of heal wounds (7)
 Q - a wand of hasting (5)
 R - a wand of digging (10)
 S - a wand of disintegration (1)
 Z - a wand of teleportation (8)
Comestibles
 N - 6 bread rations
Scrolls
 d - a scroll of recharging
 k - 7 scrolls of remove curse
 p - 2 scrolls of silence
 v - 3 scrolls of holy word
 B - 9 scrolls of fog
 M - 5 scrolls of blinking
 O - 6 scrolls of identify
 Y - 3 scrolls of magic mapping
Jewellery
 f - a +4 ring of protection (right hand)
 s - the ring of Immorality (left hand) {Dam+5 SInv Stlth++}
   (You found it on level 7 of a ziggurat)

   [ring of see invisible]

   It affects your damage with ranged weapons and melee attacks (+5).
   It enhances your eyesight.
   It makes you much more stealthy.
 t - the ring of Thriq {+/*Tele -Cast +Blink +Rage +Fly rElec rC+}
   (You found it on level 8 of a ziggurat)

   [ring of teleportation]

   It causes random teleportation, and can be evoked to teleport at will.
   It protects you from cold.
   It insulates you from electricity.
   It lets you fly.
   It lets you blink.
   It lets you go berserk.
   It prevents spellcasting.
 w - the ring "Schuedgheel" {SustAb SInv}
   (You found it on level 6 of the Pits of Slime)

   [ring of sustain abilities]

   It sustains your strength, intelligence and dexterity.
   It enhances your eyesight.
 y - an amulet of resist mutation (around neck)
 A - an uncursed amulet of warding
 C - an uncursed ring of protection from fire
 I - the ring of Riditi {Dam+4 Stlth+}
   (You found it on level 6 of the Pits of Slime)

   [ring of stealth]

   It affects your damage with ranged weapons and melee attacks (+4).
   It makes you more stealthy.
 K - the ring of Nosoa {+Inv rC+ rN+}
   (You found it on level 12 of a ziggurat)

   [ring of protection from cold]

   It protects you from cold.
   It protects you from negative energy.
   It lets you turn invisible.
 V - an uncursed ring of teleport control
Potions
 g - a potion of heal wounds
 l - 8 potions of curing
 n - 5 potions of restore abilities
 r - a potion of agility
 J - 3 potions of cure mutation
 L - a potion of resistance
Miscellaneous
 m - a lamp of fire
 x - a phial of floods
 z - a lamp of fire
 E - a phial of floods
 G - a fan of gales
 P - a phial of floods
 U - a fan of gales
 X - a phial of floods
Rods
 W - a +6 rod of clouds (14/14)
   (You found it on level 5 of the Vaults)

######### ######## ###
########
#######################
########
#######################
########
#######################
### ##### ##{#### ###
##############6# ###
##########6############
#######################
### ############## ###
##§#### ##### ######
############## ######
##################
######
################## ###
####### ####### ### ###
### ### ### ### ### ###
###


You could see a monstrous demonspawn, 4 hellwings and a smoke demon.

Vanquished Creatures
  Asmodeus (Geh:7)
  the royal jelly (Slime:6)
  Gloorx Vloq (Pan)
  Mnoleg (Pan)
  Lom Lobon (Pan)
  Dissolution (Slime:6)
  3 orbs of fire
  9 ancient liches
  Khufu (Tomb:2)
  the Serpent of Hell (Dis:7)
  19 greater mummies
  Boris (Vaults:4)
  2 curse toes
  the Lernaean hydra (Swamp:5)
  7 Killer Klowns
  Geryon (Hell)
  10 golden dragons
  8 pandemonium lords
  Jory (Depths:4)
  7 Brimstone Fiends
  the Enchantress (Depths:3)
  11 bone dragons
  An electric golem (Zot:5)
  6 Hell Sentinels
  Asterion (Spider:4)
  4 Ice Fiends
  12 tentacled monstrosities
  2 hellephants
  27 Orb Guardians
  4 deep elf blademasters
  3 quicksilver dragons
  6 titans
  A quicksilver dragon (shapeshifter) (Depths:4)
  2 eldritch tentacles (WizLab)
  8 storm dragons
  3 deep elf master archers (Zig:15)
  2 Shadow Fiends
  7 liches
  17 Executioners
  A tentacled starspawn (WizLab)
  17 acid blobs
  8 sphinxes
  Frances (Swamp:4)
  4 thorn hunters
  Kirke (Swamp:5)
  2 shadow dragons (Vaults:5)
  5 ancient champions
  2 draconian monks (Zot:1)
  4 azure jellies
  4 greater nagas
  4 revenants
  3 draconian scorchers (Zot:1)
  8 tengu reavers
  15 deep elf sorcerers
  Wiglaf (Depths:3)
  10 fire giants
  9 iron dragons
  An iron dragon (shapeshifter) (Zig:12)
  18 vault wardens
  18 balrugs
  5 ghost moths
  6 frost giants
  7 emperor scorpions
  13 cacodemons
  3 blood saints (Pan)
  A draconian knight (Zot:1)
  3 angels
  4 draconian zealots (Zot:1)
  A draconian shifter (Depths:5)
  12 war gargoyles
  3 spriggan defenders (Depths:3)
  3 draconian annihilators
  25 reapers
  16 deep elf demonologists
  2 draconian callers (Zot:1)
  3 vampire knights
  20 stone giants
  3 salamander firebrands
  5 lorocyprocas
  4 grey draconians
  2 green draconians
  A green draconian (shapeshifter) (Zig:12)
  15 deep elf annihilators
  11 dire elephants
  3 purple draconians
  Azrael (D:15)
  A dire elephant (shapeshifter) (Zig:12)
  A pale draconian (shapeshifter) (Zig:12)
  2 curse skulls
  2 shedu (Zig:16)
  3 chaos champions
  5 black draconians
  8 corrupters (Pan)
  4 pale draconians
  5 red draconians
  4 yellow draconians
  4 white draconians
  30 vault guards
  An unborn (Vaults:2)
  2 crystal guardians (Crypt:3)
  11 deep elf death magi
  5 eidola
  A black sun (Pan)
  14 ettins
  A merfolk javelineer (Depths:1)
  7 jiangshi
  4 green deaths
  23 mummy priests
  A quicksilver dragon zombie (Geh:7)
  12 fire dragons
  A kraken zombie (Coc:7)
  3 death oozes (Slime:6)
  11 minotaurs
  5 deep elf high priests
  3 quicksilver dragon skeletons
  10 rakshasas
  12 blizzard demons
  22 ironheart preservers
  2 death cobs
  Fannar (D:15)
  15 yaktaur captains
  A ravenous item mimic (Depths:3)
  4 spriggan air magi
  Harold (Orc:4)
  11 great orbs of eyes
  The ghost of zhaba the Transmogrifier, a powerful DrTm of Makhleb (D:11)
  22 hydras
  A naga warrior (Zig:10)
  20 ice dragons
  2 shambling mangroves (Swamp:3)
  29 dancing weapons
  10 monstrous demonspawn (Pan)
  2 anacondas (Zig:6)
  20 ogre magi
  Erica (Elf:1)
  14 alligators
  4 death knights
  10 deep troll earth magi
  A plague shambler (Crypt:1)
  5 orc high priests (Orc:4)
  21 death yaks
  A hell hog (Hell)
  4 tengu warriors
  5 deep troll shamans
  7 vampire magi
  A thrashing horror (WizLab)
  3 shock serpents
  3 naga sharpshooters
  6 spriggan berserkers
  2 spectral elves
  3 titan zombies
  20 soul eaters
  9 iron golems
  11 centaur warriors
  2 storm dragon zombies
  3 titan skeletons
  27 sun demons
  6 unseen horrors
  19 very ugly things
  26 deep elf knights
  14 iron trolls
  5 catoblepae
  2 salamander mystics (Zig:10)
  25 hell knights
  54 skeletal warriors
  13 ice devils
  4 fire crabs
  30 deep trolls
  8 flayed ghosts
  A deep troll (shapeshifter) (Vaults:5)
  5 shadow wraiths
  3 storm dragon skeletons
  A death drake (shapeshifter) (Vaults:3)
  A hell beast (Pan)
  6 giant orange brains
  5 spriggan druids
  19 swamp dragons
  A water nymph (Vaults:2)
  A golden dragon zombie (Crypt:3)
  7 anaconda zombies
  13 ironbrand convokers
  4 shadow demons (Pan)
  6 anaconda skeletons
  2 ghost moth zombies
  9 putrid demonspawn (Pan)
  11 torturous demonspawn
  30 large abominations
  2 shadow dragon zombies
  7 gelid demonspawn (Pan)
  Pikel (D:9)
  5 harpies
  3 golden dragon skeletons
  29 wolf spiders
  A wolf spider zombie (Crypt:1)
  A lindwurm (shapeshifter) (Vaults:3)
  18 deep elf summoners
  10 hellions
  A very ugly thing zombie (Zig:12)
  9 hill giants
  5 infernal demonspawn
  11 orb spiders
  4 mana vipers
  2 tengu zombies
  14 necromancers
  8 orc sorcerers
  25 deep elf conjurers
  39 sixfirhies
  14 red wasps
  10 orc knights
  3 fauns (Depths:3)
  A shadow dragon skeleton (Coc:6)
  5 stone giant zombies
  6 griffons
  6 cyclopes
  A draconian (Vaults:3)
  2 fire giant zombies
  2 iron dragon zombies
  2 salamanders (Zig:10)
  9 wizards
  A black mamba (shapeshifter) (Vaults:3)
  7 elephants
  A shock serpent zombie (Dis:7)
  14 phantasmal warriors
  A draconian (shapeshifter) (Zig:15)
  A frost giant skeleton (Crypt:1)
  3 shining eyes
  2 stone giant skeletons
  18 vault sentinels
  3 manticores (Depths:3)
  35 smoke demons
  4 molten gargoyles
  A dire elephant zombie (Crypt:1)
  5 fire giant skeletons
  A spiny frog (shapeshifter) (Vaults:1)
  28 spiny frogs
  A manticore (shapeshifter) (Elf:3)
  2 salamanders (shapeshifter)
  3 eyes of devastation
  14 black mambas
  2 guardian serpents (Zig:10)
  A queen ant (Lair:4)
  8 apocalypse crabs
  A feature mimic (D:13)
  A titan simulacrum (Coc:7)
  4 naga magi
  13 moths of wrath
  29 orange demons
  A gargoyle (D:14)
  A kobold demonologist (Vaults:3)
  2 shock serpent skeletons
  21 tormentors
  2 spectral humans
  A spriggan skeleton (Zig:9)
  2 dire elephant skeletons (Pan)
  A green draconian zombie (Zot:1)
  2 purple draconian zombies
  31 hellwings
  4 efreet
  An elf (Spider:5)
  A komodo dragon (shapeshifter) (Vaults:2)
  14 giant fireflies
  3 hydra zombies
  33 yaktaurs
  An anaconda simulacrum (Coc:3)
  13 freezing wraiths
  21 iron devils
  A sea snake skeleton (Crypt:1)
  94 guardian mummies
  5 komodo dragons
  13 deep elf priests
  2 fire drakes (Lair:5)
  27 red devils
  13 blue devils
  A queen bee (shapeshifter) (Depths:2)
  23 demonic crawlers
  A harpy zombie (Geh:4)
  2 silent spectres
  7 trolls
  20 boggarts
  4 wandering mushrooms
  31 jumping spiders
  10 giant leeches
  2 boggarts (shapeshifter)
  3 polar bears
  32 blink frogs
  2 tengu conjurers
  2 harpy skeletons
  4 baby alligators (Swamp:5)
  A blink frog (shapeshifter) (Depths:4)
  13 brown oozes
  22 ravens
  17 two-headed ogres
  10 boulder beetles
  A deep troll zombie (Zig:2)
  3 fire dragon zombies
  2 basilisks
  3 baby alligators (shapeshifter)
  3 ettin zombies
  A raiju (Zig:14)
  13 bog bodies
  33 shadows
  96 slime creatures
  107 flying skulls
  A frost giant simulacrum (Depths:1)
  3 alligator skeletons
  An alligator zombie (Coc:4)
  12 spriggans
  24 tarantellas
  41 redbacks
  13 ynoxinuls (Pan)
  6 air elementals
  3 ice dragon skeletons
  42 yaks
  A black mamba zombie (Dis:3)
  An ettin skeleton (Coc:4)
  2 wyverns
  2 yaks (shapeshifter)
  26 trapdoor spiders
  19 wraiths
  4 starcursed masses (WizLab)
  15 chaos spawn
  A dragon skeleton (Crypt:1)
  4 steam dragons
  A shapeshifter (D:15)
  18 humans (D:13)
  13 vampires
  A dire elephant simulacrum (Tomb:3)
  63 ugly things
  6 golden eyes
  2 humans (shapeshifter) (Vaults:3)
  3 sharks
  5 water elementals
  53 deep elf magi
  10 fire elementals
  A fire bat (Geh:3)
  2 elephant slugs
  15 neqoxecs
  11 hippogriffs
  A hippogriff (shapeshifter) (Vaults:5)
  9 wargs
  40 deep elf fighters
  10 hungry ghosts
  27 swamp worms
  42 hell hounds
  2 hogs
  Edmund (D:9)
  A mottled dragon (Zig:7)
  7 porcupines
  30 vampire mosquitoes
  17 wolves
  A naga (Zig:6)
  An orange crystal statue (Tomb:1)
  2 spatial vortices (WizLab)
  17 swamp drakes
  A hydra simulacrum (Swamp:4)
  2 spiny frog zombies
  26 water moccasins
  8 soldier ants (Lair:4)
  An ettin simulacrum (Vaults:3)
  A deep dwarf (Spider:5)
  5 sky beasts
  3 black bears
  12 ice beasts
  4 slaves (D:9)
  2 snapping turtle zombies
  29 spiders
  3 yellow wasps
  35 orc warriors
  13 small abominations
  2 spiny frog skeletons (Hell)
  A snapping turtle skeleton (Crypt:3)
  A manticore zombie (Geh:7)
  3 boring beetles (Lair:8)
  11 necrophages
  A boring beetle (shapeshifter) (D:9)
  35 centaurs
  21 crocodiles
  5 phantoms
  A manticore skeleton (Geh:1)
  61 ogres
  A blink frog skeleton (Crypt:2)
  A lost soul (Crypt:3)
  16 giant frogs
  8 giant slugs
  A fire drake skeleton (Crypt:2)
  4 big kobolds
  Blork the orc (D:6)
  A silver statue (WizLab)
  2 yaktaur zombies
  5 gnoll sergeants
  5 brain worms
  23 insubstantial wisps
  A spiny frog simulacrum (Hell)
  An earth elemental (WizLab)
  A yaktaur skeleton (D:13)
  A cyclops skeleton (Crypt:2)
  An orc simulacrum (Vaults:1)
  7 eyes of draining
  9 scorpions
  A troll zombie (Dis:3)
  4 spriggan zombies
  A water moccasin skeleton (D:5)
  14 wights
  3 killer bees (D:11)
  A troll skeleton (D:9)
  A pulsating lump (Slime:3)
  3 electric eels
  A giant frog zombie (D:5)
  19 big fish
  3 centaur zombies (Ossuary)
  20 crimson imps
  2 gnoll shamans (D:8)
  19 hounds
  3 elf zombies
  4 goliath beetles
  2 human simulacra (Vaults:2)
  4 human zombies
  A demonspawn zombie (Crypt:2)
  16 iron imps
  A centaur skeleton (D:4)
  43 orc priests
  19 jellies
  5 quasits
  45 orc wizards
  2 human skeletons
  4 orange rats
  A lightning spire (Zig:6)
  36 worker ants
  9 iguanas
  14 sheep
  2 mottled dragon zombies
  Ijyb (D:3)
  Jessica (D:3)
  A tengu skeleton (Tomb:2)
  A big kobold zombie (Ossuary)
  A demigod skeleton (Crypt:2)
  2 hound zombies (D:9)
  2 hound skeletons (D:8)
  52 mummies
  30 gnolls
  A scorpion zombie (Crypt:1)
  5 shadow imps
  A giant mite (D:3)
  5 white imps
  23 adders
  22 green rats
  6 worms
  A goliath beetle zombie (D:5)
  11 ufetubi
  An adder zombie (D:8)
  An iguana zombie (Crypt:2)
  An adder skeleton (D:5)
  An iguana skeleton (D:7)
  12 giant eyeballs
  An ooze (D:4)
  190 orcs
  2 ball pythons
  22 bats
  4 giant cockroaches
  25 goblins
  26 hobgoblins
  34 jackals
  33 kobolds
  6 giant geckos
  A giant gecko zombie (D:5)
  3 giant newts
  A giant newt skeleton (Crypt:2)
  A gnoll zombie (Ossuary)
  A hobgoblin zombie (Ossuary)
  A kobold zombie (Crypt:3)
  5 orc skeletons
  2 orc zombies
  8 quokkas
  21 rats
  A rat zombie (D:6)
  5 ballistomycetes
  3 briar patches (Zig:13)
  A crawling corpse (Zig:15)
  A plant (Lair:8)
4488 creatures vanquished.

Vanquished Creatures (collateral kills)
  Dispater (Dis:7)
  An ancient lich (Zot:5)
  A greater mummy (Tomb:3)
  A Killer Klown (Zig:12)
  A golden dragon (Vaults:5)
  A tentacled monstrosity (Zot:5)
  A deep elf blademaster (Zig:15)
  2 storm dragons (Vaults:5)
  3 liches
  A shadow dragon (Depths:4)
  A tengu reaver (Vaults:5)
  A fire giant (Depths:4)
  3 frost giants
  A deep elf sorcerer (Vaults:5)
  Maud (Lair:8)
  A balrug (Dis:7)
  3 vault wardens (Vaults:5)
  A war gargoyle (Crypt:3)
  A spriggan defender (Depths:3)
  A reaper (Zig:11)
  3 stone giants
  A deep elf annihilator (Vaults:4)
  3 ettins
  6 vault guards (Vaults:5)
  A crystal guardian (Crypt:3)
  3 yaktaur captains
  A death ooze (Slime:6)
  2 deep elf death magi (Vaults:5)
  A green death (Geh:7)
  2 ironheart preservers
  2 deep elf high priests
  An ogre mage (Depths:2)
  3 hydras
  A deep troll shaman (Depths:4)
  A titan zombie (Tar:6)
  An iron golem (Dis:7)
  A sun demon (Pan)
  2 deep trolls (Depths:4)
  An ice devil (Zig:4)
  A hill giant (D:11)
  An ironbrand convoker (Vaults:5)
  2 hellions
  2 orc knights (Vaults:5)
  A wolf spider (Vaults:5)
  A frost giant zombie (Zig:11)
  A hell beast (Pan)
  2 deep elf conjurers
  A fire giant zombie (Zig:11)
  3 shining eyes
  2 elephants (Lair:3)
  A black mamba (Lair:3)
  A sixfirhy (Pan)
  2 vault sentinels (Vaults:5)
  2 apocalypse crabs (Zig:12)
  A yaktaur zombie (Vaults:5)
  3 yaktaurs
  2 guardian mummies
  An iron troll zombie (Zig:11)
  An efreet (Zig:9)
  A hellwing (Elf:3)
  A tengu simulacrum (Zig:4)
  A harpy zombie (Zig:11)
  An iron devil (Zig:11)
  A freezing wraith (Zig:7)
  A spriggan zombie (Zig:9)
  A human zombie (Zig:11)
  2 basilisks (D:10)
  A ynoxinul (Zig:11)
  2 flying skulls
  A shadow (Zig:7)
  2 elf zombies
  A tarantella (Zig:15)
  5 ugly things
  A yak (Zig:14)
  4 hell hounds (Dis:7)
  2 ice beasts
  2 ogres
  A black bear (shapeshifter) (Vaults:5)
  2 orc warriors
  A crocodile (Lair:8)
  A scorpion (Spider:4)
  A wight (Zig:4)
  A pulsating lump (Vaults:4)
  2 iron imps
  A jelly (D:9)
  An orc wizard (D:10)
  An iguana (D:10)
  5 mummies
  2 adders
  A shadow imp (Pan)
  5 ufetubi
  11 orcs
  A hobgoblin (D:10)
  A kobold (D:10)
  2 goblins (Zig:8)
164 creatures vanquished.

Vanquished Creatures (others)
  An eldritch tentacle (Pan)
  A blood saint (Pan)
  A tengu reaver (Depths:3)
  An emperor scorpion (Spider:5)
  A green draconian (Zot:1)
  A white draconian (Zot:1)
  An ogre mage (Depths:2)
  A titan zombie (Zig:9)
  A spriggan berserker (Depths:4)
  A deep elf knight (Elf:2)
  2 deep trolls
  A hill giant (D:12)
  4 air elementals
  A griffon (Swamp:5)
  A cyclops (Swamp:5)
  19 fire elementals
  32 water elementals
  6 yaktaurs
  A komodo dragon (Zig:14)
  5 two-headed ogres
  A centaur skeleton (Vaults:3)
  A fire drake (Zig:7)
  A boggart (Depths:3)
  4 trolls
  A minotaur skeleton (Tomb:2)
  A raven (Swamp:5)
  2 shadows
  A deep elf mage (Zig:15)
  A trapdoor spider (D:11)
  An ettin skeleton (Tomb:2)
  A redback (Spider:2)
  5 flying skulls
  A wyvern (Zig:7)
  A wraith (Zig:9)
  An orc warrior (Swamp:3)
  A swamp drake (Zig:7)
  7 ogres
  6 lost souls
  A crocodile (Zig:14)
  A giant frog (Vaults:3)
  A cyclops zombie (Swamp:5)
  A cyclops skeleton (Swamp:3)
  A crimson imp (Swamp:5)
  A goliath beetle (Elf:2)
  An orc priest (Lair:5)
  An iron imp (Dis:7)
  An orc wizard (Orc:4)
  An orange rat (Zig:15)
  A worker ant (D:11)
  A hound skeleton (D:3)
  A shadow imp (D:12)
  An ufetubus (Pan)
  4 orcs
  3 giant spores
  A lurking horror (WizLab)
  3 briar patches (Zig:13)
  1839 eldritch tentacle segments
  4 fungi
  3 plants (Lair:8)
  2 starspawn tentacles (WizLab)
  5 tentacles (Coc:7)
1997 creatures vanquished.

Grand Total: 6649 creatures vanquished

Vault maps used:
D:1:      dpeg_arrival_tiny_a
D:2:      serial_bayou_ford_a
D:3:      kennysheep_big_flooded_room, uniq_jessica, uniq_iyjb
D:4:      grunt_temple_overflow_open, minmay_temple_entry_mist
D:5:      first_bread, enter_ossuary_1, guppyfry_early_orc_mine
D:6:      lemuel_coloured_pillars_altar, hangedman_decor_points,
          uniq_blork_the_orc
D:8:      serial_gnoll_camp, gnoll_camp_medium_01, gnoll_camp_mini_loothouse,
          gnoll_camp_mini_house, gnoll_camp_huts_moat
D:9:      kennysheep_steamy, wad_hexagon, uniq_edmund, uniq_pikel
D:10:     dpeg_lair_monsters
D:12:     minmay_orc_entry_temple_small
D:13:     grunt_vaults_entry_tiered
D:14:     hangedman_glass_teeth, grunt_ogre_cave, grunt_decor_resistance
D:15:     grunt_enter_depths_magical_seal, lab_entry_generic,
          hangedman_abyss_or_decor_jellyfish_corner, makhleb_altar_promises_db,
          uniq_azrael, uniq_fannar
Orc:1:    serial_shops, shop
Orc:3:    serial_shops, shop, nicolae_orc_pool_cavern
Orc:4:    st_orc_mages, uniq_harold
Elf:1:    eino_elf_arrival_sip, lightli_enter_wizlab_magi_temple,
          nrook_loot_triangle, sword_in_stone
Elf:2:    minmay_elf_crystal_hexagon, serial_shops, shop,
          einodemon_crawler_minivault
Elf:3:    minmay_elf_hall_hex, nicolae_elf_stair_hall
Lair:1:   serial_pond, minmay_pond_plants_e, minmay_pond_fungi_h,
          nicolae_quartered_pool_medium, infiniplex_staircase_pool_2
Lair:2:   roderic_batcave, fungi_pond_lemuel, st_stairs_7
Lair:3:   swamp_mist
Lair:4:   spider_nest_entry_a, zaba_antful_of_joy
Lair:5:   grunt_forest_stairs_clearing, serial_bayou_shore_b,
          bh_autumn_forest_stairs
Lair:6:   dpeg_slime_entry_corner
Lair:7:   grunt_forest_large_clearings
Lair:8:   evilmike_catoblepas_cave, uniq_maud
Swamp:1:  serial_swamp_ruin, evilmike_swamp_ruin_house_1,
          evilmike_swamp_ruin_house_5, infiniplex_staircase_pool
Swamp:2:  basic_altar, swamp_pool5
Swamp:3:  evilmike_swamp_ruin_wall
Swamp:4:  basic_altar, hangedman_swamp_double_dragon, uniq_frances
Swamp:5:  swamp_alternative, swamp_pool4, uniq_kirke
Spider:1: spider_trap
Spider:2: nicolae_spider_cling_ruins
Spider:4: nicolae_spider_circle_web, uniq_asterion
Spider:5: grunt_spider_rune_parallel, guppyfry_spider_mini_3
Slime:4:  nicolae_slime_welcoming_committee
Slime:6:  uniq_dissolution
Vaults:1: ontoclasm_vaults_ligature, v_misc_12, grunt_vaults_diagonal,
          hangedman_vaults_nodes, nicolae_vaults_border_crossing, v_misc_13,
          ontoclasm_vaults_hangar, dpeg_vaults_monster_box,
          hangedman_vaults_stagger, v_misc_19, ontoclasm_vaults_chip
Vaults:2: ontoclasm_vaults_spin, blue_anna_dwarven_crypt, v_pattern_3,
          nicolae_vaults_little_squares_2, nicolae_vaults_what_the_h,
          nicolae_vaults_sealed_display, ontoclasm_vaults_shuriken, v_misc_2,
          vaults_room_door_hall, nicolae_vaults_ring_of_whatevers,
          nicolae_vaults_little_ls, ontoclasm_vaults_ring_small, serial_shops,
          nicolae_shop_waterfront
Vaults:3: nicolae_vaults_angled_halls, ontoclasm_vaults_ring_large,
          dpeg_vaults_pockets_of_resistance,
          vaults_standard_mumra_enter_the_diamond, grunt_vaults_trifunnel,
          grunt_vaults_funnel, v_misc_1, vaults_dpeg_doors, v_alt_pattern_3,
          v_pattern_4, vaults_room_pools, v_misc_17,
          vaults_standard_mumra_lines, serial_ice_g
Vaults:4: hangedman_vaults_unwind, nicolae_vaults_three_branches,
          ontoclasm_vaults_eye, v_misc_13, vaults_room_semicircle,
          vaults_dpeg_hooks, vaults_blade_entry_basic_grunt,
          nicolae_vaults_alarming, ontoclasm_vaults_gateway,
          grunt_vaults_twisty, vaults_room_pool, uniq_boris
Vaults:5: serial_shops
Crypt:1:  st_stairs_6
Crypt:2:  crypt_curse_skull
Crypt:3:  cryptofortress_bobbens
Tomb:2:   uniq_khufu
Dis:7:    iron_city_of_dis
Geh:4:    nicolae_geh_single_fiery_grave
Geh:7:    geh_grunt
Coc:4:    nicolae_coc_three_mouths
Coc:7:    coc_old
Tar:2:    nicolae_tar_cuneiform_city
Tar:7:    tar_minmay_river
Zot:1:    st_single_dragon_hoard_2, zot_minivault_1, grunt_megastairs_4
Zot:2:    st_single_dragon_hoard_4, hangedman_player_shredder
Zot:3:    grunt_megastairs_2
Zot:4:    lemuel_baited_zot_trap
Abyss:2:  minivault_25_ag
Abyss:3:  minivault_1
Abyss:4:  hangedman_stitches_earthworm, evilmike_abyss_rune_elephants,
          evilmike_abyss_exit_8
Pan:      evilmike_mini_pan_possible_glass, pan_blood_fountain_small,
          pan_surprise, nicolae_pan_hourglass, evilmike_mini_pan_other_thingy,
          evilmike_mini_pan_doors, rand_demon_6, rand_demon_5,
          evilmike_mini_pan_other_thingy, evilmike_mini_pan_corridor,
          evilmike_mini_pan_diamond, evilmike_mini_pan_pillars_b,
          nicolae_pan_sigil_eeng, evilmike_mini_pan_corridor, grunt_pan_zigzag,
          grunt_pan_in_and_out, enter_ziggurat_pan_d, evilmike_mini_pan_corner,
          pan_blood_fountain_small, lemuel_hellion_island, pan_blood_fountain,
          evilmike_mini_pan_corridor, rand_demon_6, evilmike_mini_pan_pillars,
          nicolae_pan_mnolegish_5, evilmike_mini_pan_branches,
          evilmike_mini_pan_corner, evilmike_mini_pan_doors, cerebov_grunt,
          pan_blood_fountain_2, lom_lobon_st, enter_ziggurat_pan_c,
          evilmike_mini_pan_corridor, pan_blood_fountain, rand_demon_9,
          lemuel_hall_of_pain, gloorx_vloq, pan_blood_fountain_small,
          nicolae_pan_giant_door, nicolae_pan_cerebovesque_2,
          evilmike_mini_pan_3x3, nicolae_pan_gloorx_vloqian_3,
          evilmike_mnoleg_eyes, pan_disco_hall, pan_blood_fountain,
          nicolae_pan_lom_lobonic_1, evilmike_mini_pan_pillars
Zig:5:    ziggurat_pillar_centre_c
Zig:8:    ziggurat_pillar_centre_smoke
Zig:10:   ziggurat_loot_2
Zig:11:   ziggurat_pillar_centre_k
Zig:12:   ziggurat_pillar_centre_dead_trees
Zig:16:   ziggurat_pillar_centre_oklobs
Lab:      labyrinth_mini_lab
Ossuary:  ossuary_crypta
WizLab:   wizlab_golubria
Depths:1: cheibriados_altar_1, hangedman_geh_valley, serial_bayou_lagoon_a,
          lemuel_old_faithful
Depths:2: lemuel_flame_loot_2, abyss_entry, grunt_hell_entry_dis_old,
          hangedman_decor_peaks_small
Depths:3: grunt_forest_end_chambers, enter_ziggurat_e, hell_entry, abyss_entry,
          grunt_pan_entry_zigzag, serial_bayou_shore_a, uniq_wiglaf
Depths:4: minmay_nested_s, hell_entry, minmay_room_of_horrors,
          serial_sigils_hangedman_confine, uniq_jory
Depths:5: grunt_zot_entry_gee_three, hex_tiny, hell_entry


Message History

You resist with almost no effort. The smoke demon gestures at you.
The ball of steam misses you.
Drink which item? (? for menu, Esc to quit)
You feel agile all of a sudden.
You are engulfed in a cloud of scalding steam.
The smoke demon completely misses you. The smoke demon closely misses you.
The smoke demon hits you but does no damage.
The hellwing completely misses you. x2
Drink which item? (? for menu, Esc to quit)
You feel protected. The smoke demon gestures at you.
The ball of steam misses you. The hellwing completely misses you.
The hellwing completely misses you.
Put on which piece of jewellery? (? for menu, Esc to quit)
Okay, then.
The hellwing completely misses you. The hellwing barely misses you.
The smoke demon completely misses you. x3
The hellwing completely misses you. The hellwing barely misses you.
You have escaped!

Notes
Turn   | Place    | Note
--------------------------------------------------------------
     0 | D:1      | bmfx, the Gargoyle Berserker, began the quest for the Orb.
     0 | D:1      | Reached XP level 1. HP: 14/14 MP: 1/1
   132 | D:1      | Reached XP level 2. HP: 14/19 MP: 2/2
   202 | D:1      | Reached skill level 4 in Maces & Flails
   507 | D:1      | Reached XP level 3. HP: 20/23 MP: 3/3
   851 | D:2      | Acquired Trog's second power
   998 | D:2      | Reached skill level 5 in Maces & Flails
  1097 | D:2      | Reached XP level 4. HP: 28/28 MP: 4/4
  1541 | D:3      | Noticed Jessica
  1548 | D:3      | Killed Jessica
  1572 | D:3      | Noticed Ijyb
  1611 | D:3      | Killed Ijyb
  1611 | D:3      | Reached skill level 6 in Maces & Flails
  1611 | D:3      | Reached XP level 5. HP: 32/32 MP: 5/5
  2498 | D:4      | Found a staircase to the Ecumenical Temple.
  2668 | D:4      | Reached skill level 7 in Maces & Flails
  2720 | D:4      | Found a deep blue altar of Sif Muna.
  2722 | D:4      | Found a glowing silver altar of Zin.
  2723 | D:4      | Found a radiant altar of Vehumet.
  2723 | D:4      | Found a bloodstained altar of Trog.
  3031 | D:4      | Reached XP level 6. HP: 27/37 MP: 6/6
  3407 | D:5      | Entered Level 5 of the Dungeon
  3470 | D:5      | Acquired Trog's third power
  3532 | D:5      | Reached skill level 5 in Staves
  3532 | D:5      | Reached XP level 7. HP: 41/41 MP: 7/7
  3922 | D:5      | Reached skill level 8 in Staves
  4012 | D:5      | Found a sand-covered staircase.
  4019 | Ossuary  | Entered an ossuary
  4183 | Ossuary  | Reached XP level 8. HP: 46/46 MP: 8/8
  4219 | Ossuary  | Reached skill level 9 in Staves
  4762 | D:6      | Noticed Blork the orc
  4777 | D:6      | Killed Blork the orc
  4832 | D:6      | Reached skill level 10 in Staves
  5205 | D:6      | Reached skill level 11 in Staves
  5417 | D:6      | Reached XP level 9. HP: 51/51 MP: 9/9
  5448 | D:6      | Found a burning altar of Makhleb.
  5921 | D:7      | Reached skill level 12 in Staves
  6114 | D:7      | Got a dazzling dagger
  6778 | D:8      | Reached skill level 13 in Staves
  6987 | D:8      | Reached XP level 10. HP: 48/56 MP: 10/10
  7242 | D:8      | Received a gift from Trog
  7457 | D:8      | Reached skill level 5 in Armour
  7914 | D:9      | Received a gift from Trog
  7932 | D:9      | Noticed Pikel
  7976 | D:9      | Reached skill level 14 in Staves
  8163 | D:9      | Noticed Edmund
  8180 | D:9      | Killed Edmund
  8293 | D:9      | Reached skill level 5 in Fighting
  9050 | D:9      | Killed Pikel
  9050 | D:9      | Reached XP level 11. HP: 66/66 MP: 11/11
  9120 | D:10     | Entered Level 10 of the Dungeon
  9120 | D:10     | Found a staircase to the Lair.
  9749 | D:11     | Noticed zhaba's ghost (powerful DrTm)
  9763 | Lair:1   | Entered Level 1 of the Lair of Beasts
 10102 | Lair:1   | Received a gift from Trog
 10294 | Lair:1   | Reached skill level 10 in Fighting
 10381 | Lair:1   | Noticed an eight-headed hydra
 10393 | Lair:1   | Killed a nine-headed hydra
 10393 | Lair:1   | Reached skill level 1 in Evocations
 10978 | Lair:2   | Reached XP level 12. HP: 56/78 MP: 15/17
 11540 | Lair:3   | Found a staircase to the Swamp.
 11665 | Lair:3   | Reached skill level 10 in Armour
 11932 | Lair:3   | Noticed a seven-headed hydra
 11935 | Lair:3   | Killed a seven-headed hydra
 11966 | Lair:3   | Received a gift from Trog
 12020 | Lair:3   | Noticed a six-headed hydra
 12027 | Lair:3   | Killed a six-headed hydra
 12090 | Lair:3   | Reached skill level 5 in Evocations
 12634 | Lair:3   | Identified a scroll of acquirement
 12816 | Lair:4   | Found a hole to the Spider Nest.
 13035 | Lair:4   | Got a pitted jade ring
 13037 | Lair:4   | Identified the ring of Gamierith {rN+ Str+1 Dex+3} (You found it on level 4 of the Lair of Beasts)
 13348 | Lair:4   | Reached XP level 13. HP: 78/86 MP: 23/23
 13351 | Lair:4   | Received a gift from Trog
 13767 | Lair:5   | Reached skill level 5 in Dodging
 14948 | Lair:6   | Received a gift from Trog
 15549 | Lair:6   | Found a staircase to the Slime Pits.
 15883 | Lair:7   | Received a gift from Trog
 16287 | Lair:8   | Entered Level 8 of the Lair of Beasts
 16721 | Lair:8   | Noticed Maud
 16730 | Lair:8   | Killed Maud
 16797 | Lair:8   | Received a gift from Trog
 17119 | Lair:8   | Gained mutation: Your wings are large and strong. [gargoyle growth]
 17119 | Lair:8   | Reached XP level 14. HP: 94/94 MP: 26/26
 18006 | Lair:8   | Identified a +4 rod of shadows (13/13) (You found it on level 8 of the Lair of Beasts)
 18064 | Lair:8   | Reached skill level 10 in Evocations
 19582 | D:11     | Noticed a hill giant
 19644 | D:11     | Killed zhaba's ghost
 19647 | D:11     | Killed a hill giant
 19958 | D:12     | Paralysed by a giant eyeball for 3 turns
 20477 | D:12     | Found a staircase to the Orcish Mines.
 21074 | D:12     | Found a roughly hewn altar of Beogh.
 21709 | D:13     | Received a gift from Trog
 21926 | D:13     | Reached XP level 15. HP: 101/101 MP: 29/29
 21930 | D:13     | Reached skill level 15 in Fighting
 21944 | D:13     | Found a gate to the Vaults.
 22477 | D:14     | Got a transparent ring mail
 22490 | D:14     | Identified the +3 ring mail of the Monkey's Uncle {rElec MR+} (You found it on level 14 of the Dungeon)
 23023 | D:15     | Entered Level 15 of the Dungeon
 23091 | D:15     | Found a burning altar of Makhleb.
 23111 | D:15     | Found a labyrinth entrance.
 23119 | D:15     | Received a gift from Trog
 23126 | Lab      | Entered a labyrinth
 23491 | Lab      | Got a sparkling brass amulet
 23493 | Lab      | Identified the amulet of Xeseusk {rCorr rPois rC+ Acc+4} (You found it in a labyrinth)
 23529 | D:15     | Noticed Fannar
 23538 | D:15     | Killed Fannar
 23575 | D:15     | Noticed Azrael
 23587 | D:15     | Killed Azrael
 24243 | D:15     | Reached skill level 10 in Dodging
 24492 | D:15     | Found a staircase to the Depths.
 24894 | Orc:1    | Entered Level 1 of the Orcish Mines
 25011 | Orc:1    | Upgraded the game from 0.15-a0-462-gf669498 to 0.15-a0-481-g5350d32
 25013 | Orc:1    | Found Eplidoan's Food Boutique.
 25178 | Orc:2    | Received a gift from Trog
 25947 | Orc:3    | Found a staircase to the Elven Halls.
 26010 | Orc:3    | Found Psaiv's Jewellery Emporium.
 26124 | Orc:3    | Received a gift from Trog
 26766 | Orc:2    | Received a gift from Trog
 26999 | Orc:2    | Received a gift from Trog
 27110 | Orc:4    | Entered Level 4 of the Orcish Mines
 27621 | Orc:4    | Noticed Harold
 27805 | Orc:4    | Killed Harold
 28430 | Orc:4    | Received a gift from Trog
 28517 | Orc:4    | Reached XP level 16. HP: 108/108 MP: 30/30
 28674 | Orc:4    | Found Pluaqabla's Magic Scroll Boutique.
 28675 | Orc:4    | Found Shrite's Jewellery Shop.
 28676 | Orc:4    | Found Hyfyups' Gadget Shop.
 28823 | Orc:4    | Found Olloaf Impu's Assorted Antiques.
 28829 | Orc:4    | Bought a runed silver wand for 132 gold pieces
 28978 | Orc:4    | Bought a wand of teleportation (3) for 336 gold pieces
 28978 | Orc:4    | Bought a wand of heal wounds (4) for 768 gold pieces
 29384 | Swamp:1  | Entered Level 1 of the Swamp
 30124 | Swamp:1  | uhm, right. item destruction
 30124 | Swamp:1  | i should do spider first
 30197 | Spider:1 | Entered Level 1 of the Spider Nest
 30316 | Spider:1 | Received a gift from Trog
 31029 | Spider:2 | Thurasiz: hmm Gargoyle of Trog, never tried that one. Am i right in thinking GArgoyle can't berserk ?
 31045 | Spider:2 | bmfx: they can berserk
 31046 | Spider:2 | bmfx: see
 31052 | Spider:2 | Thurasiz: no i'm not ok, good to know :)
 31092 | Spider:2 | Reached skill level 16 in Fighting
 31129 | Spider:2 | Got a blackened scale mail
 31147 | Spider:2 | Identified the cursed +1 scale mail of Shyttuh {Dam+3} (You found it on level 2 of the Spider Nest)
 31892 | Spider:3 | Received a gift from Trog
 32610 | Spider:4 | Noticed Asterion
 32612 | Spider:4 | Noticed a spectral weapon
 32628 | Spider:4 | Killed Asterion
 33519 | Spider:5 | Entered Level 5 of the Spider Nest
 33763 | Spider:5 | Received a gift from Trog
 34196 | Spider:5 | Reached XP level 17. HP: 112/116 MP: 31/31
 34322 | Spider:5 | Received a gift from Trog
 34520 | Spider:5 | Reached skill level 17 in Fighting
 35378 | Spider:5 | Received a gift from Trog
 35641 | Spider:5 | Got a gossamer rune of Zot
 36277 | Elf:1    | Entered Level 1 of the Elven Halls
 36375 | Elf:1    | Found a magical portal.
 36416 | WizLab   | Entered The Roulette of Golubria
 36420 | WizLab   | Found a corrupted altar of Lugonu.
 36785 | WizLab   | Got a wavering golden ring
 36787 | WizLab   | Identified the ring "Ynia" {-Tele +Fly rN+ Acc+3} (You found it in a wizard's laboratory)
 36953 | WizLab   | Got a steaming cloak
 36957 | WizLab   | Identified the cursed -4 cloak of Miracles {Dex+2} (You found it in a wizard's laboratory)
 36980 | WizLab   | Got a warped cloak
 36984 | WizLab   | Identified the cursed -2 cloak of Melancholy {rElec Dam-2 Stlth+} (You found it in a wizard's laboratory)
 36994 | WizLab   | Identified a +0 cloak of preservation (You found it in a wizard's laboratory)
 36994 | WizLab   | yay
 37078 | WizLab   | Found a corrupted altar of Lugonu.
 38064 | Elf:1    | Noticed Erica
 38076 | Elf:1    | Killed Erica
 38091 | Elf:1    | Received a gift from Trog
 38316 | Elf:1    | Reached XP level 18. HP: 124/124 MP: 10/32
 38668 | Elf:2    | Gained mutation: You have sharp fingernails. [potion of beneficial mutation]
 39091 | Elf:2    | Found Cyoschut's Armour Shop.
 39254 | Elf:2    | Reached skill level 18 in Fighting
 39306 | Elf:2    | Reached skill level 15 in Armour
 39719 | Elf:2    | Received a gift from Trog
 39888 | Elf:3    | Entered Level 3 of the Elven Halls
 41063 | Elf:3    | Received a gift from Trog
 41249 | Elf:3    | Reached skill level 15 in Staves
 41306 | Elf:3    | Got a transparent flail
 41765 | Elf:3    | Got a smoking tin ring
 41771 | Elf:3    | Identified the ring of Law {rPois Str+3} (You took it off a deep elf demonologist on level 3 of the Elven Halls)
 41948 | Elf:3    | Reached XP level 19. HP: 117/130 MP: 12/34
 42023 | Elf:3    | Received a gift from Trog
 42504 | Elf:3    | Paralysed by a chaos spawn for 7 turns
 42827 | Elf:3    | Got a twisted ring mail
 42847 | Elf:3    | Identified the +4 ring mail of the Shore {Dex+5} (You found it on level 3 of the Elven Halls)
 43167 | Elf:3    | Reached skill level 1 in Stealth
 43199 | Elf:3    | Got a smoking chain mail
 43214 | Elf:3    | Identified the +6 chain mail "Remmuic" {Int+3 Acc+4} (You took it off a deep elf high priest on level 3 of the Elven Halls)
 43255 | Elf:3    | Got a faintly glowing leather armour
 43265 | Elf:3    | Identified the +3 leather armour of Vetofosk {Dex+2 Int-4} (You took it off a deep elf demonologist on level 3 of the Elven Halls)
 43396 | Elf:3    | Received a gift from Trog
 43975 | Swamp:1  | Reached skill level 5 in Stealth
 44337 | Swamp:2  | Found a snail-covered altar of Cheibriados.
 44826 | Swamp:2  | Received a gift from Trog
 44838 | Swamp:2  | Got an iridescent quarterstaff {god gift}
 44839 | Swamp:2  | Identified the +0,-1 quarterstaff of World Downfall {god gift, crush, Str+2} (Trog gifted it to you on level 2 of the Swamp)
 45557 | Swamp:3  | Identified a +2 rod of shadows (13/13) (You took it off a deep elf demonologist on level 3 of the Elven Halls)
 45858 | Swamp:4  | Found a shadowy altar of Dithmenos.
 46020 | Swamp:4  | Received a gift from Trog
 46026 | Swamp:4  | Reached skill level 10 in Stealth
 46233 | Swamp:4  | Noticed Frances
 46249 | Swamp:4  | Killed Frances
 46564 | Swamp:5  | Entered Level 5 of the Swamp
 46691 | Swamp:5  | Noticed the 27-headed Lernaean hydra
 46893 | Swamp:5  | Got a decaying rune of Zot
 46925 | Swamp:5  | Killed the 27-headed Lernaean hydra
 46966 | Swamp:5  | Reached XP level 20. HP: 110/136 MP: 34/34
 47239 | Swamp:5  | Noticed Kirke
 47253 | Swamp:5  | Killed Kirke
 47345 | Swamp:5  | Received a gift from Trog
 47371 | Swamp:5  | Got a steaming quarterstaff {god gift}
 47372 | Swamp:5  | Identified the +6,+10 quarterstaff of Perversion {god gift, crush, +Rage} (Trog gifted it to you on level 5 of the Swamp)
 47951 | Orc:4    | Bought 3 scrolls of enchant weapon II for 198 gold pieces
 47955 | Orc:4    | Bought a scroll of enchant weapon II for 66 gold pieces
 47958 | Orc:4    | Bought a scroll of enchant weapon I for 115 gold pieces
 48113 | Vaults:1 | Entered Level 1 of the Vaults
 48337 | Vaults:1 | Got a crude leather armour
 48347 | Vaults:1 | Identified the +3 leather armour of Too Many Cooks {MR++ Dex+3 Acc-3} (You found it on level 1 of the Vaults)
 48919 | Vaults:1 | Received a gift from Trog
 49152 | Vaults:1 | Reached skill level 15 in Stealth
 49950 | Vaults:2 | Received a gift from Trog
 50257 | Vaults:2 | Found Etar's Armour Shoppe.
 51095 | Vaults:2 | Found a staircase to the Crypt.
 51160 | Vaults:2 | Reached XP level 21. HP: 141/141 MP: 35/35
 51372 | Vaults:3 | Received a gift from Trog
 51690 | Vaults:3 | Received a gift from Trog
 52454 | Vaults:3 | Received a gift from Trog
 53065 | Vaults:3 | Received a gift from Trog
 54030 | Vaults:4 | Noticed Boris
 54618 | Vaults:4 | Found a staircase to the Hall of Blades.
 54633 | Blade    | Entered the Hall of Blades
 54814 | Blade    | Reached XP level 22. HP: 148/148 MP: 36/36
 54834 | Blade    | hurdos: Привет
 54835 | Blade    | bmfx: ку
 54931 | Blade    | hurdos: осилю slime вот таким http://crawl.lantea.net/crawl/morgue/hurdos/hurdos.txt
 54933 | Blade    | hurdos: ?
 54933 | Blade    | bmfx: а вот хз. ац маловато и не вижу ркорр
 54933 | Blade    | bmfx: больно будет
 54933 | Blade    | bmfx: но шанс есть
 54938 | Blade    | hurdos: O - +2 cloak {rCorr, Cons}
 54939 | Blade    | hurdos: как нет
 54939 | Blade    | hurdos: есть
 54939 | Blade    | bmfx: а, я слепой
 54939 | Blade    | bmfx: ну тогда можно попытаться, если хочется
 54939 | Blade    | hurdos: я лично переживаю что я слоупок :)
 54957 | Blade    | hurdos: никогда не играл за этого бога, не знаю тактики
 55038 | Blade    | hurdos: в слиме
 55038 | Blade    | hurdos: обычно хастой и бафы, в тут хз
 55038 | Blade    | bmfx: ох, ты еще и с чеи
 55038 | Blade    | hurdos: ну а с кем?
 55038 | Blade    | bmfx: я бы не полез с чеи с таким чаром
 55038 | Blade    | bmfx: в слаймы
 55038 | Blade    | bmfx: арра может полез бы, но не я :)
 55041 | Blade    | hurdos: хе хе хе
 55056 | Blade    | hurdos: арра ходил туда с меньшим
 55081 | Blade    | hurdos: но АС конечно маловат
 55081 | Blade    | hurdos: может и не стоит туда идти
 55081 | Blade    | bmfx: эх, не оказалось лажатангов в блейде :(
 55115 | Vaults:4 | hurdos: ну так у тебя и так не плохой
 55127 | Vaults:4 | bmfx: на холи надеялся, хотя шанс мизерный
 55127 | Vaults:4 | bmfx: а так у меня элек и АМ, жаловаться особо не на что, да
 55127 | Vaults:4 | hurdos: ну так конвертся в TSO
 55164 | Vaults:4 | Reached skill level 19 in Stealth
 55251 | Vaults:4 | bmfx: не понял
 55251 | Vaults:4 | hurdos: баг
 55251 | Vaults:4 | hurdos: дверь открыл, а оно заново не пересмотрело
 55251 | Vaults:4 | hurdos: переставь метку
 55251 | Vaults:4 | bmfx: написал в ##crawl, на мантис лезть влом
 55292 | Vaults:4 | bmfx: ну что, попытаюсь стабнуть борьку
 55307 | Vaults:4 | Killed Boris
 55308 | Vaults:4 | bmfx: ok
 55344 | Vaults:4 | hurdos: пишут что пиши в мантис :)
 55344 | Vaults:4 | bmfx: ага, вижу. но лееень
 55344 | Vaults:4 | hurdos: дампнись, хочу посмотреть какие у тебя параметры
 55384 | Vaults:4 | Received a gift from Trog
 55438 | Vaults:4 | hurdos: th
 55443 | Vaults:4 | bmfx: эх
 55742 | Crypt:1  | Entered Level 1 of the Crypt
 55895 | Crypt:1  | Reached skill level 15 in Dodging
 57543 | Crypt:3  | Entered Level 3 of the Crypt
 58355 | Crypt:3  | HP: 1/149 [lich/orb of energy (50)]
 59451 | Crypt:3  | Got a steaming ivory ring
 59451 | Crypt:3  | Got a brightly glowing amber ring
 59453 | Crypt:3  | Identified the ring of Giabeb {rN+ Str+1 Dex+3} (You found it on level 3 of the Crypt)
 59456 | Crypt:3  | Identified the ring "Ymyuphoh" {-Cast +Blink rN+} (You found it on level 3 of the Crypt)
 59516 | Crypt:3  | Received a gift from Trog
 59527 | Crypt:3  | Reached XP level 23. HP: 155/155 MP: 12/36
 60162 | Crypt:3  | Found an ancient bone altar of Kikubaaqudgha.
 60162 | Crypt:3  | Noticed an ancient lich
 60217 | Crypt:3  | Killed an ancient lich
 60415 | Crypt:3  | Reached skill level 20 in Stealth
 60531 | Crypt:3  | Found a staircase to the Tomb.
 60549 | Crypt:3  | Got a steaming iron ring
 60551 | Crypt:3  | Identified the ring of Udagatiu {rC- MR++ Int+1 SInv Stlth+} (You found it on level 3 of the Crypt)
 61057 | Depths:1 | Entered Level 1 of the Depths
 61575 | Depths:1 | Found a snail-covered altar of Cheibriados.
 61641 | Depths:1 | Received a gift from Trog
 62255 | Depths:1 | Found a gateway to Hell.
 62560 | Depths:2 | Found a one-way gate to the infinite horrors of the Abyss.
 63040 | Depths:2 | Received a gift from Trog
 63992 | Depths:3 | Noticed Wiglaf
 64135 | Depths:3 | Killed Wiglaf
 64143 | Depths:3 | Found a gateway to a ziggurat.
 64171 | Depths:3 | Reached skill level 15 in Evocations
 64416 | Depths:3 | Reached XP level 24. HP: 157/162 MP: 12/38
 64489 | Depths:3 | Received a gift from Trog
 65190 | Depths:3 | Received a gift from Trog
 65301 | Depths:3 | Noticed the Enchantress
 65379 | Depths:3 | Killed the Enchantress
 65395 | Depths:3 | Got a faerie dragon armour
 65406 | Depths:3 | Identified the -2 faerie dragon armour {MP+6 Str+2} (You took it off the Enchantress on level 3 of the Depths)
 66125 | Depths:4 | Noticed Jory
 66164 | Depths:4 | Killed Jory
 66193 | Depths:4 | Received a gift from Trog
 67144 | Depths:4 | Received a gift from Trog
 67541 | Depths:4 | Reached XP level 25. HP: 105/169 MP: 34/39
 68472 | Depths:5 | Entered Level 5 of the Depths
 69240 | Depths:5 | Received a gift from Trog
 69263 | Depths:5 | Identified a +1 cloak of preservation (You took it off a yellow draconian on level 5 of the Depths)
 69580 | Depths:5 | Found a gate to the Realm of Zot.
 70529 | Vaults:5 | Entered Level 5 of the Vaults
 70728 | Vaults:5 | Reached skill level 21 in Fighting
 70730 | Vaults:5 | Received a gift from Trog
 70953 | Vaults:5 | Noticed an ancient lich
 70982 | Vaults:5 | Killed an ancient lich
 71000 | Vaults:5 | Reached XP level 26. HP: 75/177 MP: 16/40
 71658 | Vaults:5 | Got a slimy leather armour
 71666 | Vaults:5 | Identified the +1 leather armour of Intuition {+Blink +Fly rF+ SInv} (You found it on level 5 of the Vaults)
 72007 | Vaults:5 | nice, disto warden
 72198 | Vaults:5 | Received a gift from Trog
 72577 | Vaults:5 | Got a silver rune of Zot
 73180 | Vaults:5 | Received a gift from Trog
 73224 | Vaults:5 | Got a jewelled lajatang {god gift}
 73225 | Vaults:5 | Identified the +4,+6 lajatang "Clempoutto" {god gift, flame, Dex+3} (Trog gifted it to you on level 5 of the Vaults)
 73519 | Vaults:5 | Identified a +6 rod of clouds (14/14) (You found it on level 5 of the Vaults)
 73923 | Vaults:5 | Got a pair of shimmering gloves
 73927 | Vaults:5 | Identified the +3 pair of gloves "Forget-Me-Not" {+Rage Acc+1} (You found it on level 5 of the Vaults)
 74152 | Vaults:5 | Got a pitted scale mail
 74163 | Vaults:5 | Identified the +8 scale mail of Schuen {Stlth+} (You found it on level 5 of the Vaults)
 74746 | Zig:1    | Entered Level 1 of a ziggurat
 74771 | Zig:2    | Entered Level 2 of a ziggurat
 74780 | Zig:2    | Reached XP level 27. HP: 182/182 MP: 41/41
 74785 | Zig:3    | Entered Level 3 of a ziggurat
 74816 | Zig:3    | Got a pitted jade ring
 74818 | Zig:3    | Identified the ring of Jousar {rN+ Str+3 Int+2} (You found it on level 3 of a ziggurat)
 74967 | Zig:4    | Entered Level 4 of a ziggurat
 74968 | Zig:4    | ugh
 75027 | Zig:4    | Got a crude zirconium amulet
 75028 | Zig:4    | Identified the amulet "Saoprun" {Inacc Str+2 Int-4} (You found it on level 4 of a ziggurat)
 75228 | Zig:5    | Entered Level 5 of a ziggurat
 75228 | Zig:5    | Noticed an ancient lich
 75249 | Zig:5    | Gained mutation: Your magical capacity is low (-10% MP). [a cacodemon]
 75251 | Zig:5    | Killed an ancient lich
 75479 | Zig:6    | Entered Level 6 of a ziggurat
 75534 | Zig:6    | Received a gift from Trog
 75547 | Zig:6    | Got a slimy iron ring
 75549 | Zig:6    | Identified the ring of Nops {rElec rPois MR+ Dex-3} (You found it on level 6 of a ziggurat)
 75720 | Zig:7    | Entered Level 7 of a ziggurat
 76050 | Zig:7    | Got a steaming steel ring
 76052 | Zig:7    | Identified the ring of Immorality {Dam+5 SInv Stlth++} (You found it on level 7 of a ziggurat)
 76059 | Zig:7    | Got a twisted helmet
 76063 | Zig:7    | Identified the +0 helmet of Space {rElec SInv} (You found it on level 7 of a ziggurat)
 76066 | Zig:7    | Got a smoking leather armour
 76074 | Zig:7    | Identified the cursed -3 leather armour of Untold Secrets {Str+2 Acc+3} (You found it on level 7 of a ziggurat)
 76088 | Zig:8    | Entered Level 8 of a ziggurat
 76096 | Zig:8    | Noticed an ancient lich
 76144 | Zig:8    | Killed an ancient lich
 76171 | Zig:8    | Got a heavily runed jade ring
 76173 | Zig:8    | Identified the ring of Thriq {+/*Tele -Cast +Blink +Rage +Fly rElec rC+} (You found it on level 8 of a ziggurat)
 76263 | Zig:9    | Entered Level 9 of a ziggurat
 76336 | Zig:9    | Got a brightly glowing garnet amulet
 76337 | Zig:9    | Identified the amulet "Clodghu" {Stasis Str+2 Int+3} (You found it on level 9 of a ziggurat)
 76342 | Zig:9    | Got a bloodstained robe
 76349 | Zig:9    | Identified the +2 robe of the Mantidfly {Str+4} (You found it on level 9 of a ziggurat)
 76500 | Zig:10   | Entered Level 10 of a ziggurat
 76550 | Zig:10   | Reached skill level 22 in Stealth
 76890 | Zig:11   | Entered Level 11 of a ziggurat
 77001 | Zig:11   | nice
 77009 | Zig:11   | Got a distressingly furry swamp dragon armour
 77021 | Zig:11   | Identified the +6 swamp dragon armour of the Fiend {+Rage rPois rC++} (You found it on level 11 of a ziggurat)
 77151 | Zig:12   | Entered Level 12 of a ziggurat
 77161 | Zig:12   | uh oh
 77178 | Zig:12   | Noticed Aruewit the pandemonium lord
 77193 | Zig:12   | Killed Aruewit the pandemonium lord
 77198 | Zig:12   | Noticed Irphosh the pandemonium lord
 77218 | Zig:12   | Killed Irphosh the pandemonium lord
 77243 | Zig:12   | Noticed Striluaggy the pandemonium lord
 77263 | Zig:12   | Killed Striluaggy the pandemonium lord
 77330 | Zig:12   | Got a transparent ivory amulet
 77331 | Zig:12   | Identified the amulet "Voxickie" {rMut Str-4 Int+2} (You found it on level 12 of a ziggurat)
 77346 | Zig:12   | Gained mutation: Space occasionally distorts in your vicinity. [mutagenic glow]
 77350 | Zig:12   | Lost mutation: Your magical capacity is low (-10% MP). [potion of cure mutation]
 77350 | Zig:12   | Lost mutation: You have sharp fingernails. [potion of cure mutation]
 77350 | Zig:12   | Lost mutation: Space occasionally distorts in your vicinity. [potion of cure mutation]
 77358 | Zig:12   | Got a pair of slimy boots
 77362 | Zig:12   | Identified the +2 pair of boots of Anaesthesia {MR+ SInv} (You acquired it on level 12 of a ziggurat)
 77495 | Zig:13   | Entered Level 13 of a ziggurat
 77645 | Zig:13   | Reached skill level 23 in Stealth
 77647 | Zig:13   | Received a gift from Trog
 77734 | Zig:14   | Entered Level 14 of a ziggurat
 77838 | Zig:14   | Got a pitted bronze ring
 77840 | Zig:14   | Identified the ring of the Okapi {Str+1 Int+4} (You found it on level 14 of a ziggurat)
 77898 | Zig:15   | Entered Level 15 of a ziggurat
 77936 | Zig:15   | Received a gift from Trog
 78196 | Zig:16   | Entered Level 16 of a ziggurat
 78216 | Zig:16   | ouch, holies
 78216 | Zig:16   | that gonna hurt
 78291 | Zig:16   | Received a gift from Trog
 79112 | Slime:1  | Entered Level 1 of the Pits of Slime
 79156 | Slime:2  | Reached skill level 24 in Stealth
 79408 | Slime:6  | Entered Level 6 of the Pits of Slime
 79433 | Slime:6  | Noticed the royal jelly
 79442 | Slime:6  | Killed the royal jelly
 79828 | Slime:6  | Noticed Dissolution
 79842 | Slime:6  | Killed Dissolution
 79858 | Slime:6  | Got a scintillating platinum ring
 79860 | Slime:6  | Identified the ring of Riditi {Dam+4 Stlth+} (You found it on level 6 of the Pits of Slime)
 79880 | Slime:6  | Got a twitching iron ring
 79882 | Slime:6  | Identified the ring "Schuedgheel" {SustAb SInv} (You found it on level 6 of the Pits of Slime)
 79889 | Slime:6  | Got a slimy rune of Zot
 80727 | Tomb:1   | Entered Level 1 of the Tomb of the Ancients
 82092 | Tomb:1   | Reached skill level 25 in Staves
 82545 | Tomb:2   | ugh, lich
 84299 | Tomb:2   | Got a jewelled leather armour
 84300 | Tomb:2   | Identified the +0 leather armour of Free Will {Str+4 Dex-2} (You found it on level 2 of the Tomb of the Ancients)
 84353 | Tomb:2   | Cast into the Abyss (a Zot trap)
 84354 | Abyss:1  | the hell...
 84392 | Abyss:2  | Found a corrupted altar of Lugonu.
 84427 | Tomb:2   | Escaped the Abyss
 84666 | Tomb:2   | Noticed Khufu
 84698 | Tomb:2   | Killed Khufu
 84698 | Tomb:2   | Reached skill level 26 in Staves
 84979 | Tomb:3   | Entered Level 3 of the Tomb of the Ancients
 85469 | Tomb:2   | Received a gift from Trog
 86613 | Tomb:2   | Reached skill level 27 in Staves
 88001 | Tomb:3   | Got a golden rune of Zot
 88513 | Tomb:3   | Got a warped ivory amulet
 88514 | Tomb:3   | Identified the amulet of the Clouds {rCorr rElec Int+3} (You found it on level 3 of the Tomb of the Ancients)
 88537 | Tomb:3   | Got a flickering pewter ring
 88538 | Tomb:3   | Identified the ring "Ungoschem" {MP+9 Str-3 Int+5} (You found it on level 3 of the Tomb of the Ancients)
 88782 | Tomb:3   | that's the worst tomb loot i ever saw
 89096 | Crypt:3  | Identified a cursed +1 rod of clouds (11/11) (You took it off a guardian mummy on level 1 of the Tomb of the Ancients)
 89130 | Crypt:3  | what
 89130 | Crypt:3  | oh, i excluded one vault
 89581 | Depths:3 | Found a one-way gate leading to the halls of Pandemonium.
 89635 | Pan      | Entered Pandemonium
 89977 | Pan      | Noticed Rausagg the pandemonium lord
 90057 | Pan      | Killed Rausagg the pandemonium lord
 90253 | Pan      | Found an exit through the horrors of the Abyss.
 90545 | Pan      | Got a pitted blowgun
 90546 | Pan      | Identified the cursed -2 blowgun "Ilo Pil" {evade, rC+} (You found it in Pandemonium)
 91156 | Pan      | Found an exit through the horrors of the Abyss.
 91247 | Pan      | Found an exit through the horrors of the Abyss.
 91310 | Pan      | Noticed Fahev the pandemonium lord
 91329 | Pan      | Killed Fahev the pandemonium lord
 91426 | Pan      | Received a gift from Trog
 91471 | Pan      | Found an exit through the horrors of the Abyss.
 91920 | Pan      | Found an exit through the horrors of the Abyss.
 91967 | Pan      | Got a crude marble ring
 91968 | Pan      | Identified the ring "Aseistar" {Fire +Inv Int-1 Acc+5} (You found it in Pandemonium)
 92087 | Pan      | Found an exit through the horrors of the Abyss.
 92108 | Pan      | Noticed Redwoddas the pandemonium lord
 92157 | Pan      | Found an exit through the horrors of the Abyss.
 92225 | Pan      | Got a smoking scale mail
 92226 | Pan      | Identified the cursed -5 scale mail of the Shining One's Envy {Str+1 Int-5} (You found it in Pandemonium)
 92291 | Pan      | Got a sparkling marble ring
 92297 | Pan      | Identified the ring of Xedoi {rElec Stlth+} (You found it in Pandemonium)
 92380 | Pan      | Gained mutation: Your magical capacity is low (-10% MP). [a cacodemon]
 92675 | Pan      | Found an exit through the horrors of the Abyss.
 92757 | Pan      | Received a gift from Trog
 93496 | Pan      | Reached skill level 27 in Stealth
 93837 | Pan      | Noticed Caga the pandemonium lord
 93920 | Pan      | Found an exit through the horrors of the Abyss.
 93943 | Pan      | Received a gift from Trog
 94128 | Pan      | Got a brightly glowing leather armour
 94129 | Pan      | Identified the cursed +0 leather armour of the Valley {Str-2 Int+3} (You found it in Pandemonium)
 94159 | Pan      | come on
 94159 | Pan      | how did he find me in 5 turns
 94170 | Pan      | Got a demonic rune of Zot
 94173 | Pan      | Entered the realm of Cerebov.
 94294 | Pan      | Found an exit through the horrors of the Abyss.
 95043 | Pan      | Noticed Cerebov
 95059 | Pan      | Got a fiery rune of Zot
 95093 | Pan      | Entered the realm of Lom Lobon.
 95093 | Pan      | Noticed Lom Lobon
 95094 | Pan      | that's bad
 95094 | Pan      | at least resistance is still up
 95100 | Pan      | Killed Lom Lobon
 95101 | Pan      | haha
 95101 | Pan      | ok
 95101 | Pan      | Taimou: lil lobo
 95132 | Pan      | Got a magical rune of Zot
 95377 | Pan      | Found a gateway to a ziggurat.
 95493 | Pan      | Noticed an ancient lich
 95510 | Pan      | Noticed an ancient lich
 95514 | Pan      | Killed an ancient lich
 95527 | Pan      | Killed an ancient lich
 95565 | Pan      | Got a bloodstained ring mail
 95566 | Pan      | Identified the -4 ring mail of Lesser Demons {rElec Dam+4} (You found it in Pandemonium)
 95627 | Zig:1    | Entered Level 1 of a ziggurat
 95685 | Zig:2    | Entered Level 2 of a ziggurat
 95701 | Zig:3    | Entered Level 3 of a ziggurat
 95950 | Zig:4    | Entered Level 4 of a ziggurat
 95986 | Zig:4    | :(
 96156 | Zig:5    | Entered Level 5 of a ziggurat
 96188 | Zig:5    | Got a warped steel ring
 96190 | Zig:5    | Identified the ring "Fonen" {Ice Str+1 Int-1} (You found it on level 5 of a ziggurat)
 96277 | Zig:6    | Entered Level 6 of a ziggurat
 96289 | Zig:6    | Ankalagon: why is invisiblity so good
 96319 | Zig:6    | bmfx: well it's a combo of invis and boots of assassin
 96319 | Zig:6    | bmfx: i get full power stabs with lajatang
 96432 | Zig:7    | Entered Level 7 of a ziggurat
 96440 | Zig:7    | Noticed an ancient lich
 96441 | Zig:7    | Ankalagon: dang
 96466 | Zig:7    | Killed an ancient lich
 96599 | Zig:8    | Entered Level 8 of a ziggurat
 96758 | Zig:9    | Entered Level 9 of a ziggurat
 96967 | Zig:10   | Entered Level 10 of a ziggurat
 96984 | Zig:10   | Received a gift from Trog
 97223 | Zig:10   | Got a fine jade amulet
 97224 | Zig:10   | Identified the cursed amulet "Bliunn" {Inacc Stlth+} (You found it on level 10 of a ziggurat)
 97240 | Zig:10   | Got a smoking leather armour
 97248 | Zig:10   | Identified the +1 leather armour "Khiummaci" {rC+} (You found it on level 10 of a ziggurat)
 97264 | Zig:11   | Entered Level 11 of a ziggurat
 97544 | Zig:12   | Entered Level 12 of a ziggurat
 97581 | Zig:12   | Noticed Gascheef the pandemonium lord
 97603 | Zig:12   | Killed Gascheef the pandemonium lord
 97639 | Zig:12   | Noticed Risaxis the pandemonium lord
 97662 | Zig:12   | Killed Risaxis the pandemonium lord
 97735 | Zig:12   | Got a fine glass ring
 97737 | Zig:12   | Identified the ring of Nosoa {+Inv rC+ rN+} (You found it on level 12 of a ziggurat)
 97744 | Zig:12   | Got a slimy crystal plate armour
 97745 | Zig:12   | Identified the cursed +8 crystal plate armour of Viuxt {Str+1 Dex-1} (You found it on level 12 of a ziggurat)
 97971 | Pan      | Found an exit through the horrors of the Abyss.
 98173 | Pan      | Entered the realm of Gloorx Vloq.
 98266 | Pan      | Found an exit through the horrors of the Abyss.
 98423 | Pan      | Noticed Gloorx Vloq
 98445 | Pan      | Killed Gloorx Vloq
 98908 | Pan      | Got a dark rune of Zot
 99132 | Pan      | Noticed Laty the pandemonium lord
 99134 | Pan      | Killed Laty the pandemonium lord
 99154 | Pan      | Received a gift from Trog
 99165 | Pan      | Entered the realm of Mnoleg.
 99600 | Pan      | Gained mutation: Armour fits poorly on your strangely shaped body. [a shining eye]
 99723 | Pan      | Noticed Mnoleg
 99809 | Pan      | Killed Mnoleg
 99976 | Pan      | Reached skill level 27 in Fighting
 99986 | Pan      | Got a glowing rune of Zot
100512 | Pan      | Found an exit through the horrors of the Abyss.
100527 | Pan      | Took an exit into the Abyss.
100527 | Abyss:1  | Escaped into the Abyss
100701 | Abyss:4  | Found a corrupted altar of Lugonu.
100720 | Abyss:4  | Received a gift from Trog
100725 | Abyss:4  | Got an abyssal rune of Zot
100924 | Depths:3 | Escaped the Abyss
101643 | Depths:3 | Lost mutation: Armour fits poorly on your strangely shaped body. [potion of cure mutation]
101643 | Depths:3 | Lost mutation: Your magical capacity is low (-10% MP). [potion of cure mutation]
101698 | Hell     | Entered the Vestibule of Hell
101698 | Hell     | Noticed Geryon
101701 | Hell     | Killed Geryon
101879 | Hell     | Found a gateway to the decaying netherworld of Tartarus.
101885 | Tar:1    | Entered Level 1 of Tartarus
102386 | Tar:7    | Entered Level 7 of Tartarus
102393 | Tar:7    | Noticed Ereshkigal
102409 | Tar:7    | Got a bone rune of Zot
102638 | Hell     | Received a gift from Trog
102734 | Hell     | Found a gateway to the Iron City of Dis.
102739 | Dis:1    | Entered Level 1 of the Iron City of Dis
103097 | Dis:7    | Entered Level 7 of the Iron City of Dis
103106 | Dis:7    | this won't be easy i'm afraid
103192 | Dis:7    | BillyHerrington: do u know where the rune is?
103194 | Dis:7    | bmfx: approximately
103194 | Dis:7    | BillyHerrington: cool
103195 | Dis:7    | BillyHerrington: its in one of the four corners
103195 | Dis:7    | BillyHerrington: at random
103195 | Dis:7    | bmfx: yep
103231 | Dis:7    | Noticed the Serpent of Hell
103246 | Dis:7    | Killed the Serpent of Hell
103273 | Dis:7    | who let the dogs out
103349 | Dis:7    | Received a gift from Trog
103415 | Dis:7    | Noticed Dispater
103433 | Dis:7    | Ankalagon: AM?
103434 | Dis:7    | Ankalagon: instead of elec
103434 | Dis:7    | bmfx: right, thanks for the reminder
103448 | Dis:7    | Killed Dispater
103453 | Dis:7    | notcluie: did that hell effect just distract dispater
103475 | Dis:7    | Got an iron rune of Zot
103482 | Dis:7    | Ankalagon: hell has no favorites
103659 | Hell     | Found a gateway to the freezing wastes of Cocytus.
103815 | Coc:1    | Entered Level 1 of Cocytus
103821 | Coc:1    | notcluie: but hell effects aren't monsters so it's kind of weird
104305 | Coc:7    | Entered Level 7 of Cocytus
104400 | Coc:7    | Noticed Antaeus
104405 | Coc:7    | Got an icy rune of Zot
104406 | Coc:7    | notcluie: good antaeuswaltz
104422 | Hell     | Gained mutation: Your magical capacity is low (-10% MP). [mutagenic glow]
104592 | Hell     | Found a gateway to the ashen valley of Gehenna.
104597 | Hell     | Upgraded the game from 0.15-a0-481-g5350d32 to 0.15-a0-672-g38fd0bf
105803 | Geh:1    | Entered Level 1 of Gehenna
105962 | Geh:2    | Received a gift from Trog
106368 | Geh:7    | Entered Level 7 of Gehenna
106694 | Geh:7    | Received a gift from Trog
106740 | Geh:7    | Noticed Asmodeus
106746 | Geh:7    | Killed Asmodeus
106749 | Geh:7    | thanks for dying, asmo
106752 | Geh:7    | Got an obsidian rune of Zot
106931 | Zot:1    | Entered Level 1 of the Realm of Zot
106931 | Zot:1    | Noticed an orb of fire
106933 | Zot:1    | sigh
106964 | Zot:1    | Got a slimy amber ring
106965 | Zot:1    | Identified the ring "Pollotet" {rC+ MP+9} (You found it on level 1 of the Realm of Zot)
107532 | Zot:1    | Got a pair of fine gloves
107533 | Zot:1    | Identified the +2 pair of gloves of Zacaxzu {Dam+4 SInv} (You found it on level 1 of the Realm of Zot)
107829 | Zot:1    | Killed an orb of fire
108044 | Zot:5    | Entered Level 5 of the Realm of Zot
108493 | Zot:5    | Noticed an ancient lich
108496 | Zot:5    | Killed an ancient lich
108505 | Zot:5    | Noticed an ancient lich
108602 | Zot:5    | Killed an ancient lich
108614 | Zot:5    | Received a gift from Trog
108690 | Zot:5    | Noticed an orb of fire
108734 | Zot:5    | Noticed an ancient lich
108739 | Zot:5    | Killed an orb of fire
108747 | Zot:5    | Killed an ancient lich
108755 | Zot:5    | Noticed an orb of fire
108770 | Zot:5    | Killed an orb of fire
109071 | Zot:5    | :(
110232 | Zot:5    | Got the Orb of Zot
110552 | D:15     | Noticed Cerebov
110785 | D:6      | Noticed Taiqounku the pandemonium lord
110930 | D:$      | Escaped with the Orb!
